 Dungeon Crawl Stone Soup version 0.31-a0-1405-g2bb1a01664 (webtiles) character file.

Game seed: 17804585996197055606

965 GloriousHammer the Spear-Bearer (level 8, -1/57 HPs)
             Began as a Human Wanderer on Dec 25, 2023.
             Was an Initiate of Qazlal.
             Slain by an orc warrior
             ... wielding a +0 dire flail
              (17 damage)
             ... on level 6 of the Dungeon on Dec 26, 2023.
             The game lasted 00:10:00 (5202 turns).

GloriousHammer the Spear-Bearer (Human Wanderer)    Turns: 5202, Time: 00:10:01

Health: -1/57      AC:  6    Str: 11    XL:     8   Next: 15%
Magic:  25/25      EV:  9    Int: 12    God:    Qazlal [......]
Gold:   212        SH:  3    Dex: 12    Spells: 16/17 levels left

rFire   . . .        t - +3 spear "Naduof" {vamp, rN+ MP+9 Int-5}
rCold   . . .        q - +0 buckler
rNeg    + . .        o - +0 ring mail
rPois   .            (no helmet)
rElec   .            (no cloak)
rCorr   .            m - +0 pair of gloves
SInv    .            (no boots)
Will    .....        (no amulet)
Stlth   +            (no ring)
HPRegen 0.29/turn    (no ring)
MPRegen 0.19/turn

%: no passive effects
@: no status effects
A: explore regen
a: Renounce Religion


You were on level 6 of the Dungeon.
You worshipped Qazlal.
Qazlal was noncommittal.
You visited 1 branch of the dungeon, and saw 6 of its levels.

You collected 212 gold pieces.

Inventory:

Hand Weapons
 t - the +3 spear "Naduof" (weapon) {vamp, rN+ MP+9 Int-5}
   (You found it on level 3 of the Dungeon)

   Int-5:     It affects your intelligence (-5).
   rN+:       It protects you from negative energy.
   MP+9:      It affects your magic capacity (+9).
Missiles
 a - 4 curare-tipped darts
 y - a boomerang
Armour
 m - a +0 pair of gloves (worn)
 o - a +0 ring mail (worn)
 q - a +0 buckler (worn)
Jewellery
 u - an amulet of regeneration
Talismans
 j - a serpent talisman
Wands
 h - a wand of polymorph (11)
Scrolls
 c - 2 scrolls of identify {unknown}
 d - 2 scrolls of vulnerability
 f - a scroll of brand weapon {unknown}
 i - 3 scrolls of teleportation {unknown}
 k - a scroll of enchant armour {unknown}
 n - 2 scrolls of fog {unknown}
 r - a scroll of acquirement {unknown}
 w - a scroll of silence {unknown}
 x - a scroll of noise {unknown}
Potions
 b - a potion of brilliance {unknown}
 e - a potion of mutation {unknown}
 g - 2 potions of curing
 l - 2 potions of magic {unknown}
 p - a potion of invisibility {unknown}
 s - a potion of enlightenment {unknown}
 v - a potion of lignification {unknown}


   Skills:
 - Level 2.5 Fighting
 + Level 8.0 Polearms
 - Level 5.4 Spellcasting
 - Level 2.0 Conjurations
 - Level 3.0 Translocations


You had 16 spell levels left.
You knew the following spells:

 Your Spells              Type           Power      Damage    Failure   Level
a - Magic Dart            Conj           32%        1d4       30%         1

Your spell library contained the following spells:

 Spells                   Type           Power      Damage    Failure   Level
 Apportation              Tloc           20%        N/A       21%         1
 Shock                    Conj/Air       20%        1d4       43%         1
 Teleport Other           Tloc           10%        N/A       52%         3
 Summon Small Mammal      Summ           12%        N/A       56%         1
 Ozocubu's Armour         Ice            3%         N/A       91%         3
 Anguish                  Hex/Necr       1%         N/A       100%        4
 Cause Fear               Hex            1%         N/A       100%        4
 Alistair's Intoxication  Alch           2%         N/A       100%        5
 Borgnjor's Vile Clutch   Necr/Erth      1%         N/A       100%        5
 Metabolic Englaciation   Hex/Ice        1%         N/A       100%        5
 Eringya's Noxious Bog    Alch           1%         4d6       100%        6
 Simulacrum               Ice/Necr       1%         N/A       100%        6
 Enfeeble                 Hex            1%         N/A       100%        7


Dungeon Overview and Level Annotations

Branches:
Dungeon (6/15)             Temple (0/1) D:5

Altars:
Qazlal
Sif Muna
The Shining One

Annotations:
D:4 1 runed translucent door, porpoise's ghost, amateur GnAl


Innate Abilities, Weirdness & Mutations

You regain HP and MP as you explore.


Message History

The black bear misses you. The black bear claws you.
The black bear claws you but does no damage.
You hit the black bear.
The black bear is almost dead.
You block the black bear's attack. The black bear barely misses you.
The black bear claws you.
You barely miss the black bear.
The black bear is almost dead.
You block the black bear's attack. The black bear barely misses you.
The black bear claws you. The black bear closely misses you.
The black bear claws you. The black bear closely misses you.
You hit the black bear.
You kill the black bear!
Qazlal accepts your kill.
Found a long sword.
Done exploring.
Done exploring.
You see here a +0 long sword.
Done exploring.
Search for what [Enter for "."]? .
You see here a +0 leather armour.
Items here: ( ))) [.
y - a boomerang
There is a stone staircase leading down here.
You climb downwards.
You hear the sound of rushing water.
There is an entrance to a sewer on this level.
Hurry and find it before the portal rusts away!
There is a stone staircase leading up here.
You open the door.
There is an open door here.
You hear a distant slurping noise.
You open the door.
There is an open door here.
You hear a distant slurping noise.
An orc wizard comes into view. It is wielding a +0 dagger.
The orc wizard shouts!
You hear a shout!
An orc warrior comes into view. It is wielding a +0 dire flail.
You reach to attack!
You hit the orc wizard.
The orc wizard is lightly wounded.
You reach to attack!
You hit the orc wizard.
The orc wizard is heavily wounded.
You hit the orc wizard but do no damage.
The orc wizard is heavily wounded.
The orc wizard gestures at you while chanting.
You are confused.
An orc comes into view. It is wielding a +0 dagger.
The orc wizard gestures at you while chanting.
The magic dart hits you!
You bump into the metal wall.
The orc wizard casts a spell at you. You resist with some effort.
It was a potion of curing.
You feel better. The orc wizard casts a spell at you. The magic dart hits you!
The orc warrior hits you with a +0 dire flail!
You hit the orc wizard.
The orc wizard is heavily wounded.
The orc wizard closely misses you.
You puncture the orc wizard!
You kill the orc wizard!
Qazlal accepts your kill.
Your Polearms skill increases to level 8!
You hit the orc warrior.
The orc warrior is moderately wounded.
The orc warrior closely misses you.
You barely miss the orc warrior.
The orc warrior is lightly wounded.
The orc warrior barely misses you.
You hit the orc warrior.
You feel better.
The orc warrior is moderately wounded.
You hit the orc warrior.
You feel better.
The orc warrior is moderately wounded.
The orc warrior hits you with a +0 dire flail.
You closely miss the orc warrior.
The orc warrior is moderately wounded.
You block the orc warrior's attack.
You hit the orc warrior but do no damage.
The orc warrior is moderately wounded.
The orc warrior hits you with a +0 dire flail.
You hit the orc warrior but do no damage.
The orc warrior is moderately wounded.
The orc warrior closely misses you.
You barely miss the orc warrior.
The orc warrior is moderately wounded.
You hit the orc warrior.
You feel better.
The orc warrior is heavily wounded.
The orc warrior hits you with a +0 dire flail!
You hit the orc warrior.
The orc warrior is heavily wounded.
The orc warrior hits you with a +0 dire flail!
You barely miss the orc warrior.
The orc warrior is heavily wounded.
You barely miss the orc warrior.
The orc warrior is heavily wounded.
The orc warrior hits you with a +0 dire flail!
* * * LOW HITPOINT WARNING * * *
You hit the orc warrior but do no damage.
The orc warrior is heavily wounded.
The orc warrior hits you with a +0 dire flail!
You die...

+# .###+# .....
.... #..#
#..#######
##$.##....#
+..oo@....#
##..##....#
#..####'##
#......+.....##
#..##..##.....#
#. #####....##
#
#..##....##...
+..#...........
#<.'...........


You could see an orc warrior and an orc.

Vanquished Creatures
  A black bear (D:5)
  2 phantoms (D:5)
  Blork the orc (D:5)
  4 scorpions (D:5)
  A bombardier beetle (D:5)
  A jelly (D:5)
  An orc priest (D:5)
  3 hounds
  3 iguanas
  An orc wizard (D:6)
  4 adders
  4 dart slugs
  13 orcs
  7 ball pythons
  10 endoplasms
  5 giant cockroaches
  2 goblins
  7 hobgoblins
  8 jackals
  2 quokkas (D:2)
  6 bats
  4 frilled lizards
  5 kobolds
  A rat (D:3)
96 creatures vanquished.

Notes
Turn   | Place    | Note
-------+----------+-------------------------------------------
     0 | D:1      | GloriousHammer the Human Wanderer began the quest for the
                  | Orb.
     0 | D:1      | GloriousHammer set off with the following items: a +0 club,
                  | a potion of heal wounds, a +0 robe, a scroll of
                  | vulnerability; and the following spells available to
                  | memorise: Apportation, Teleport Other, Magic Dart, Shock,
                  | Summon Small Mammal.
     0 | D:1      | Reached XP level 1. HP: 15/15 MP: 6/6
     2 | D:1      | Learned a level 1 spell: Magic Dart
   249 | D:1      | Reached XP level 2. HP: 21/21 MP: 5/8
   484 | D:1      | Reached skill level 1 in Conjurations
  1176 | D:2      | Reached XP level 3. HP: 20/27 MP: 9/9
  2344 | D:3      | Reached XP level 4. HP: 33/33 MP: 6/11
  2790 | D:3      | Identified the +3 spear "Naduof" {vamp, rN+ MP+9 Int-5}
  3013 | D:4      | Reached skill level 1 in Polearms
  3060 | D:4      | Reached XP level 5. HP: 39/39 MP: 12/12
  3163 | D:4      | Reached skill level 2 in Polearms
  3277 | D:4      | Reached skill level 3 in Polearms
  3354 | D:4      | Found a glowing golden altar of the Shining One.
  3404 | D:4      | Found a stormy altar of Qazlal.
  3433 | D:4      | Became a worshipper of Qazlal Stormbringer
  3514 | D:4      | Found a runed translucent door.
  3515 | D:4      | Noticed porpoise's ghost (amateur GnAl)
  3548 | D:5      | Entered Level 5 of the Dungeon
  3548 | D:5      | Noticed Blork the orc
  3574 | D:5      | Killed Blork the orc
  3575 | D:5      | Reached skill level 4 in Polearms
  3575 | D:5      | Reached XP level 6. HP: 27/46 MP: 14/14
  3717 | D:5      | Reached skill level 5 in Polearms
  3811 | D:5      | Reached XP level 7. HP: 40/51 MP: 15/15
  3897 | D:5      | Found a shimmering blue altar of Sif Muna.
  3980 | D:5      | Reached skill level 6 in Polearms
  4095 | D:5      | Found a staircase to the Ecumenical Temple.
  4537 | D:5      | Reached skill level 7 in Polearms
  5025 | D:5      | Reached XP level 8. HP: 43/57 MP: 16/16
  5190 | D:6      | Reached skill level 8 in Polearms
  5202 | D:6      | Slain by an orc warrior

Illustrated notes

Levels and vault maps discovered:
D:1:      ncdulo_halloftheorcs, layout_basic
D:2:      layout_basic
D:3:      layout_loops_ring, wad_rectangle_vault
D:4:      layout_rooms, mainiacjoe_overflow_swirl, ebering_ghost_reflecting_pool
D:5:      layout_loops_cross, led_sif_pool, lemuel_temple_firewalk_a,
          uniq_blork_the_orc
D:6:      layout_gridville, portal_sewer_entry_f, uniq_grinder

Skill      XL: |  1  2  3  4  5  6  7  8 |
---------------+-------------------------+-----
Conjurations   | 1 2 |  2.0
Fighting       | 2 |  2.5
Polearms       | 1 4 5 7 8 |  8.0
Spellcasting   | |  5.4
Translocations | |  3.0

Action                     |  1- 3 |  4- 6 |  7- 9 || total
---------------------------+-------+-------+-------++-------
  Melee: Club              |    16 |       |       ||    16
         Rapier            |    30 |       |       ||    30
         Spear             |     8 |   176 |   158 ||   342
   Cast: Magic Dart        |    85 |    20 |       ||   105
    Use: Potion            |       |     2 |     1 ||     3
   Stab: Sleeping          |     1 |       |       ||     1
 Armour: Robe              |    32 |       |       ||    32
         Ring mail         |       |    90 |    76 ||   166
  Dodge: Dodged            |    33 |    65 |    50 ||   148
  Block: Buckler           |       |    18 |    16 ||    34

Table legend: (Time is in decaauts)
 A = Elapsed time spent in this place.
 B = Non-inter-level travel time spent in this place.
 C = Inter-level travel time spent in this place.
 D = Time resting spent in this place.
 E = Time spent auto-exploring this place.
 F = Levels seen in this place.
 G = Mean time per level.
                   A        B        C        D        E       F      G
               +--------+--------+--------+--------+--------+-----+--------+
         Total |   5189 |   4928 |    261 |     51 |   3993 |   6 |  864.8 |
       Dungeon |   5189 |   4928 |    261 |     51 |   3993 |   6 |  864.8 |
               +--------+--------+--------+--------+--------+-----+--------+

Top non-repeatable levels by time:
     D:5: 1543 daAuts
     D:1: 1175 daAuts
     D:2: 953 daAuts
     D:3: 890 daAuts
     D:4: 591 daAuts
     D:6: 36 daAuts
